 Dungeon Crawl Stone Soup version 0.22-a0-15-g4f60a598d5 (webtiles) character file.

156 Manul the Skirmisher (level 5, -36/29 HPs)
             Began as a Spriggan Abyssal Knight on Jan 2, 2018.
             Was a Follower of Lugonu.
             Annihilated by a tentacled starspawn (37 damage)
             ... while paralysed by you
             ... on level 4 of the Abyss.
             The game lasted 00:02:43 (419 turns).

Manul the Skirmisher (Spriggan Abyssal Knight)       Turns: 419, Time: 00:02:44

Health: -36/29     AC:  3    Str:  8    XL:     5   Next: 14%
Magic:  8/8        EV:  4    Int: 13    God:    Lugonu [*.....]
Gold:   21         SH:  0    Dex: 17    Spells: 4/4 levels left

rFire    . . .     SeeInvis +   a - +1 short sword
rCold    . . .     Gourm    .   (shield restricted)
rNeg     . . .     Faith    .   b - +1 robe
rPois    .         Spirit   .   (helmet restricted)
rElec    .         Reflect  .   (no cloak)
rCorr    .         Harm     .   (gloves unavailable)
MR       .....                  (boots unavailable)
Stlth    +++.......             (no amulet)
HPRegen  0.09/turn              (no ring)
MPRegen  0.11/turn              (no ring)

@: paralysed, lethally poisoned (-36 -> -39), flying, hasted and slowed, very
quick
A: very small, unfitting armour, see invisible, herbivore, speed 3, slow
metabolism 2
a: Depart the Abyss, Renounce Religion


You were on level 4 of the Abyss.
You worshipped Lugonu.
Lugonu was aware of your devotion.
You were not hungry.

You visited 0 branches of the dungeon, and saw 0 of its levels.
You visited the Abyss 1 time.

You collected 21 gold pieces.

Inventory:

Hand Weapons
 a - a +1 short sword (weapon)
Armour
 b - a +1 robe (worn)
Magical Staves
 h - an uncursed staff of cold {unknown}
Wands
 f - a wand of polymorph (14)
Scrolls
 j - a scroll of remove curse
Potions
 e - a potion of degeneration {unknown}
Miscellaneous
 g - a lamp of fire
Comestibles
 c - a ration


   Skills:
 + Level 3.8 Fighting
 - Level 2.1 Short Blades
 - Level 3.5 Dodging
 * Level 3.6 Stealth
 - Level 1.7 Invocations
 * Level 3.0 Evocations


You had 4 spell levels left.
You didn't know any spells.

Dungeon Overview and Level Annotations

Branches:
Dungeon (0/15)

Altars:


Innate Abilities, Weirdness & Mutations

You are very small and have problems with some larger weapons.
You are too small for most types of armour.
You have supernaturally acute eyesight. (SInv)
You are a herbivore.
You cover ground extremely quickly.
You need consume almost no food.


Message History

* * * LOW HITPOINT WARNING * * *
You feel sick.
It was a potion of flight.
You feel very buoyant.
You fly up into the air.
You are engulfed in seething chaos.
The apocalypse crab breathes chaos at you.
The blast of chaos engulfs you!
You wobble for a moment.
It was a potion of haste.
You feel yourself speed up.
You are engulfed in seething chaos.
You suddenly lose the ability to move!
* * * LOW HITPOINT WARNING * * *
You feel sick.
The tentacled starspawn is engulfed in seething chaos.
* * * LOW HITPOINT WARNING * * *
You feel sick.
The white imp shouts!
Tentacles burst from the starspawn's body! 2 starspawn tentacles come into view.
The tentacled starspawn bites you!!!
Ouch! That really hurt!
You die...

#
.#.##..#....#
#...#..
.#.##.# . #
...##..#.# #
# ... #..5.##
.. # .
#.#..#.#. #
.#.
...#.t.....#
.....#.#w###
#.#
...###.#Xw.#
..# .##@#ยง#
. .#...##.#
...##.. #..
#.. ...# ##.
## ..## .
..#. .. # ...


You could see a tentacled starspawn, an apocalypse crab, 2 starspawn tentacles
and a white imp.

Vanquished Creatures
  An eye of draining (Abyss:2)
  A small abomination (Abyss:2)
2 creatures vanquished.

Notes
Turn   | Place    | Note
-------+----------+-------------------------------------------
     0 | Abyss:1  | Manul the Spriggan Abyssal Knight began the quest for the Orb.
     0 | Abyss:1  | Reached XP level 1. HP: 11/11 MP: 3/3
    72 | Abyss:2  | Noticed a large abomination
    82 | Abyss:2  | Found a corrupted altar of Lugonu.
    85 | Abyss:2  | Noticed a stone giant skeleton
   106 | Abyss:2  | Noticed an orange demon
   127 | Abyss:2  | Noticed a rakshasa
   137 | Abyss:2  | Noticed an iron imp
   174 | Abyss:2  | Noticed a small abomination
   174 | Abyss:2  | Noticed an eye of draining
   185 | Abyss:2  | Killed a small abomination
   185 | Abyss:2  | Reached XP level 2. HP: 12/16 MP: 0/4
   185 | Abyss:2  | Reached XP level 3. HP: 15/20 MP: 0/5
   185 | Abyss:2  | Reached XP level 4. HP: 18/24 MP: 0/6
   188 | Abyss:2  | Killed an eye of draining
   188 | Abyss:2  | Reached XP level 5. HP: 22/29 MP: 0/8
   204 | Abyss:2  | Noticed a chaos spawn
   205 | Abyss:2  | Noticed a tentacled starspawn
   205 | Abyss:2  | Noticed an eye of draining
   206 | Abyss:2  | Noticed a chaos spawn
   208 | Abyss:2  | Noticed a small abomination
   247 | Abyss:3  | Noticed a worldbinder
   282 | Abyss:3  | Noticed a tentacled starspawn
   290 | Abyss:3  | Noticed an efreet
   358 | Abyss:4  | Noticed a large abomination
   373 | Abyss:4  | Noticed a bone dragon
   382 | Abyss:4  | Noticed a tentacled starspawn
   409 | Abyss:4  | Noticed an apocalypse crab
   410 | Abyss:4  | Noticed a tentacled starspawn
   416 | Abyss:4  | Paralysed by you for 6 turns
   418 | Abyss:4  | HP: 1/29 [poisoned by an apocalypse crab (blast of chaos)]
   419 | Abyss:4  | Annihilated by a tentacled starspawn

Vault maps used:
Abyss:2:  gammafunk_corrupted_shrine
Abyss:3:  evilmike_abyss_exit_15, hangedman_abyss_feature_spike,
          serial_sigils_hangedman_snap,
          evilmike_nicolae_abyss_rune_containment_curve
Abyss:4:  bh_abyss_exit_grid, hangedman_abyss_rune_flesh_and_stone,
          evilmike_abyss_exit_mutagenic

Skill      XL: |  1  2  3  4 |
---------------+-------------+-----
Fighting       | 3 |  3.8
Stealth        | 2 3 |  3.6
Evocations     | 2 3 |  3.0
Short Blades   | |  2.1
Dodging        | |  3.5
Invocations    | |  1.7

Action                   |  1- 3 |  4- 6 || total
-------------------------+-------+-------++-------
Melee: Short sword       |     1 |       ||     1
Evoke: Lamp of fire      |     1 |       ||     1
  Use: Scroll            |     1 |     1 ||     2
       Potion            |       |     2 ||     2
Armor: Robe              |       |     1 ||     1
Dodge: Dodged            |       |     2 ||     2

Table legend:
 A = Spawn XP
 B = Non-spawn XP
 C = Spawn XP percentage of total XP
 D = Spawn monster count
 E = Non-spawn monster count
 F = Spawn count percentage of total count
 G = Total turns spent on level
                    A         B        C        D         E        F      G
               +---------+---------+-------+---------+---------+-------+---------
         Total |       0 |     223 |   0.0 |       0 |       2 |   0.0 |   419
               +---------+---------+-------+---------+---------+-------+---------
       Abyss:2 |       0 |     223 |   0.0 |       0 |       2 |   0.0 |   172
               +---------+---------+-------+---------+---------+-------+---------
